AoeStats
← Sakhta

Fortress

508183225Analyzed
4v4 RM · 12d ago on Sep 21, 2026· 49m 38s· 8 players
Game mode
Random Map
Map size
Huge
Population
200
Speed
Normal
Resources
Standard
Victory
Conquest
Starting age
Dark Age
Ending age
Imperial Age
RankedLock teamsTeams togetherTeam positionsShared explorationLock speedFull tech treeHidden civsTurbo modeCheats
Victory
Defeat
🇨🇳 Bohemians · China
1303
+14
🇨🇳 Franks · China
1271
+15
🇨🇳 Japanese · China
1250
+16
🇨🇳 Hindustanis · China
1219
+17
🇩🇪 Cumans · Germany
1287
-16
🇲🇽 Khmer · Mexico
1281
-17
🇷🇺 Khmer · Russia
1250
-16
🇮🇳 Poles · India
1196
-13
笑春风
8:59 Feudal Age
13:02 Castle Age
10:49 Double-Bit Axe
11:02 Horse Collar
12:37 Wheelbarrow
12:00 Arson
13:17 Loom
13:19 Pikeman
14:56 Bow Saw
15:22 Squires
16:03 Gambesons
16:37 Gold Mining
17:14 Loom
18:35 Heavy Plow
24:28 Imperial Age
22:42 Scale Mail Armor
22:53 Forging
22:54 Fletching
23:25 Town Watch
24:35 Chain Mail Armor
24:56 Iron Casting
24:45 Halberdier
25:34 Stone Mining
26:41 Plate Mail Armor
27:31 Conscription
29:15 Blast Furnace
28:00 Onager
30:36 Bodkin Arrow
31:22 Conscription
33:29 Gold Shaft Mining
34:24 Chemistry
33:35 Masonry
33:06 Treadmill Crane
33:47 Yasama
34:00 Guard Tower
35:29 Ballistics
37:10 Hand Cart
37:10 Masonry
39:08 Two-Man Saw
37:56 Capped Ram
38:39 Bracer
39:24 Keep
38:46 Murder Holes
38:38 Arrowslits
38:38 Man-at-Arms
40:20 Kataparuto
39:42 Long Swordsman
40:25 Padded Archer Armor
40:39 Fortified Wall
40:40 Siege Engineers
40:47 Town Patrol
40:46 Two-Handed Swordsman
42:34 Champion
2110316511
7:06 Feudal Age
11:13 Castle Age
9:21 Horse Collar
9:51 Double-Bit Axe
18:22 Wheelbarrow
17:34 Loom
20:36 Hand Cart
21:08 Bow Saw
22:03 Scale Barding Armor
22:09 Forging
22:46 Husbandry
25:33 Imperial Age
22:56 Gold Mining
23:18 Bow Saw
23:10 Heavy Plow
23:51 Bloodlines
24:22 Town Watch
25:01 Chain Barding Armor
25:35 Heavy Camel Rider
27:35 Chemistry
27:50 Conscription
27:35 Grand Trunk Road
27:37 Imperial Camel Rider
30:08 Gold Shaft Mining
31:36 Plate Barding Armor
31:36 Iron Casting
31:01 Light Cavalry
32:41 Hussar
32:55 Siege Elephant
34:41 Caravan
35:12 Coinage
36:16 Blast Furnace
35:17 Padded Archer Armor
42:39 Two-Man Saw
43:51 Banking
47:40 Leather Archer Armor
T - T
7:18 Feudal Age
8:15 Loom
11:20 Castle Age
12:29 Double-Bit Axe
22:03 Imperial Age
19:12 Pikeman
22:30 Chemistry
23:15 Halberdier
24:42 Squires
26:41 Forging
26:32 Scale Mail Armor
28:23 Conscription
28:21 Horse Collar
32:02 Bow Saw
32:20 Houfnice
34:52 Wheelbarrow
37:16 Chain Mail Armor
48:11 Padded Archer Armor
48:01 Fletching
48:40 Bodkin Arrow
Dd
7:30 Feudal Age
11:15 Castle Age
9:55 Double-Bit Axe
12:28 Bow Saw
14:38 Loom
18:47 Gold Mining
24:13 Imperial Age
22:52 Wheelbarrow
22:37 Scale Barding Armor
22:43 Forging
23:07 Husbandry
24:26 Hand Cart
24:51 Chain Barding Armor
25:08 Iron Casting
25:17 Conscription
25:58 Cavalier
28:06 Gold Shaft Mining
27:22 Stone Mining
27:57 Paladin
29:28 Plate Barding Armor
32:34 Blast Furnace
35:41 Caravan
35:53 Capped Ram
36:35 Light Cavalry
38:10 Fletching
38:21 Padded Archer Armor
43:44 Onager
45:35 Chemistry
44:56 Ballistics
44:42 Siege Engineers
Der Genosse
6:37 Feudal Age
5:22 Loom
7:35 Double-Bit Axe
7:33 Horse Collar
12:32 Wheelbarrow
14:49 Gold Mining
14:54 Stone Mining
16:03 Forging
15:59 Scale Barding Armor
15:48 Fletching
16:01 Padded Archer Armor
18:45 Castle Age
17:59 Forging
17:54 Scale Barding Armor
19:20 Bloodlines
19:13 Light Cavalry
20:28 Hand Cart
21:16 Bodkin Arrow
22:18 Gold Shaft Mining
22:44 Bow Saw
25:17 Imperial Age
25:48 Leather Archer Armor
26:47 Conscription
27:00 Ring Archer Armor
27:58 Ballistics
28:38 Iron Casting
29:28 Chemistry
28:50 Chain Barding Armor
29:34 Masonry
Sakhta
7:20 Feudal Age
11:49 Castle Age
10:08 Double-Bit Axe
11:41 Horse Collar
15:16 Wheelbarrow
17:34 Bow Saw
17:50 Gold Mining
17:59 Town Watch
19:04 Loom
19:37 Hand Cart
19:27 Heavy Plow
24:15 Imperial Age
24:10 Fletching
24:26 Scale Barding Armor
25:56 Bodkin Arrow
26:22 Chain Barding Armor
26:56 Bracer
27:21 Ballistics
28:02 Chemistry
27:20 Forging
28:24 Caravan
29:01 Double Crossbow
30:42 Plate Barding Armor
31:12 Elite Ballista Elephant
38:12 Iron Casting
40:59 Fortified Wall
45:31 Coinage
45:49 Capped Ram
Gumndor
7:44 Feudal Age
10:47 Castle Age
9:04 Double-Bit Axe
9:06 Horse Collar
9:33 Loom
25:03 Bloodlines
24:53 Husbandry
25:02 Husbandry
24:22 Light Cavalry
25:50 Caravan
27:56 Heavy Plow
28:06 Bow Saw
28:14 Bow Saw
27:56 Gold Mining
27:59 Stone Mining
31:52 Imperial Age
29:44 Pikeman
30:25 Scale Mail Armor
30:37 Forging
32:02 Chain Mail Armor
32:07 Heavy Scorpion
32:50 Double Crossbow
34:07 Chemistry
33:28 Ballistics
33:18 Halberdier
35:27 Fletching
35:51 Masonry
35:44 Hussar
40:08 Conscription
42:22 Iron Casting
Lala Land
1:31 Loom
8:57 Feudal Age
11:48 Double-Bit Axe
11:44 Horse Collar
14:10 Castle Age
12:18 Stone Mining
15:12 Bow Saw
15:04 Heavy Plow
23:08 Gold Mining
25:49 Wheelbarrow
25:52 Stone Shaft Mining
27:55 Imperial Age
27:16 Scale Mail Armor
27:28 Forging
27:25 Scale Barding Armor
27:17 Treadmill Crane
27:49 Masonry
27:51 Fortified Wall
28:45 Hand Cart
28:00 Light Cavalry
28:51 Bloodlines
28:41 Husbandry
29:31 Conscription
29:39 Lechitic Legacy
31:52 Iron Casting
31:39 Chain Barding Armor
33:02 Chemistry
32:08 Siege Engineers
31:48 Winged Hussar
36:19 Fletching
37:40 Chain Mail Armor
38:26 Blast Furnace
38:10 Bodkin Arrow
40:14 Hoardings
40:19 Murder Holes
41:34 Plate Mail Armor
Connection lost

Rejoining the realm…

Still unreachable

The connection could not be restored.

Session expired

The server has moved on; the page needs a fresh start.